 Dungeon Crawl Stone Soup version 0.27.0-1-g7a089689b8 (webtiles) character file.

Game seed: 2836187060899820948

191 SnakkuSnakku7 the Skirmisher (level 5, -5/45 HPs)
             Began as a Ghoul Arcane Marksman on Aug 4, 2021.
             Killed by divine providence
             ... invoked by an orc priest
              (13 damage)
             ... on level 3 of the Dungeon.
             The game lasted 00:03:57 (4512 turns).

SnakkuSnakku7 the Skirmisher (GhAM)                 Turns: 4512, Time: 00:03:58

Health: -5/45      AC:  8    Str: 15    XL:     5   Next: 70%
Magic:  5/5        EV:  6    Int:  8    God:
Gold:   137        SH:  0    Dex:  9    Spells: 5/6 levels left

rFire    . . .     SeeInvis .   a - +0 hand axe (elec)
rCold    + . .     Faith    .   (no shield)
rNeg     + + +     Spirit   .   j - +0 chain mail
rPois    ∞         Reflect  .   (no helmet)
rElec    .         Harm     .   (no cloak)
rCorr    .         Rampage  .   (no gloves)
Will     .....                  (no boots)
Stlth    ..........             (no amulet)
HPRegen  0.00/turn              (no ring)
MPRegen  0.09/turn              (no ring)

@: inhibited regen
A: claws 1, cold resistance 1, negative energy resistance 3, inhibited
regeneration, torment resistance 2
a: no special abilities


You were on level 3 of the Dungeon.
You visited 1 branch of the dungeon, and saw 4 of its levels.

You collected 137 gold pieces.

Inventory:

Hand Weapons
 a - a +0 hand axe of electrocution (weapon)
 b - a +0 war axe
Missiles
 c - a throwing net
 p - 11 javelins (quivered)
Armour
 j - a +0 chain mail (worn)
 m - a +0 robe
Wands
 n - a wand of flame (14)
Scrolls
 d - a scroll of enchant armour {unknown}
 e - 2 scrolls of identify {unknown}
 h - 2 scrolls of teleportation {unknown}
 i - a scroll of amnesia {unknown}
 k - a scroll of enchant weapon {unknown}
Potions
 f - 3 potions of curing {unknown}
 g - a potion of heal wounds {unknown}
 l - a potion of haste {unknown}
 o - a potion of degeneration {unknown}


   Skills:
 - Level 3.2 Fighting
 + Level 2.9 Axes
 - Level 1.7 Throwing
 - Level 1.7 Dodging
 - Level 2.9 Unarmed Combat
 - Level 1.0 Spellcasting
 - Level 2.4 Hexes


You had 5 spell levels left.
You knew the following spells:

 Your Spells              Type           Power      Damage    Failure   Level
a - Corona                Hex            4%         N/A       98%         1

Your spell library contained the following spells:

 Spells                   Type           Power      Damage    Failure   Level
 Slow                     Hex            4%         N/A       99%         2
 Corpse Rot               Necr/Air       N/A        N/A       100%        2
 Inner Flame              Hex/Fire       2%         N/A       100%        3
 Portal Projectile        Hex/Tloc       4%         N/A       100%        3
 Cause Fear               Hex            2%         N/A       100%        4
 Dispel Undead            Necr           0%         3d6       100%        4
 Death Channel            Necr           0%         N/A       100%        6


Dungeon Overview and Level Annotations

Branches:
Dungeon (4/15)
 Temple: D:4-7

Altars:
Cheibriados
Sif Muna


Innate Abilities, Weirdness & Mutations

You thrive by killing the living.
You are immune to poison.
You have sharp fingernails.
Your flesh is cold resistant. (rC+)
You are immune to negative energy. (rN+++)
You do not regenerate when monsters are visible.
You are immune to unholy pain and torment.


Message History

The orc barely misses you. The orc barely misses you.
The quokka bites you but does no damage.
The orc priest calls down the wrath of Beogh upon you.
Beogh smites you! The orc hits you but does no damage.
The orc priest invokes the aid of Beogh against you.
Beogh smites you!
There is a stone staircase leading up here.
The orc priest hits you but does no damage.
The orc hits you with a +0 club.
You climb upwards.
There is a stone staircase leading down here.
Unknown command.
You hit the orc priest.
The orc priest is lightly wounded.
You hit the orc.
You kill the orc!
The orc priest barely misses you.
Unknown command.
You closely miss the orc priest.
The orc priest is lightly wounded.
The orc priest completely misses you.
The orc priest hits you but does no damage.
You barely miss the orc priest.
The orc priest is lightly wounded.
The orc priest barely misses you.
You closely miss the orc priest.
The orc priest is lightly wounded.
The orc priest calls down the wrath of Beogh upon you.
Beogh smites you!
* * * LOW HITPOINT WARNING * * *
You closely miss the orc priest.
The orc priest is lightly wounded.
The orc priest barely misses you.
You hit the orc priest.
The orc priest is moderately wounded.
The orc priest invokes the aid of Beogh against you.
Beogh smites you!
You die...

#....#.####.#.....#######
#.......................###
#.#####.........#.#.......#
#.#.............#.#.###.#.#
####.##.#####.#.#.#.###(#.#
#######....#.....#.#.......#.#
.............#.#.#.#.#.#####.#
..........####..o#.###.#.....#
................@).....#.#####
#######..###.#.#.#.......#
......#........#.#########
###...#..###.###.#
..#...#..........#
..#...#...##.#####
..#...#...##.#
..#.))#...##.###
..#...#...)....#


You could see an orc priest.

Vanquished Creatures
  An iron imp (D:3)
  Ijyb (D:3)
  3 adders
  A gnoll (D:1)
  An adder skeleton (D:3)
  A worm (D:3)
  2 dart slugs (D:3)
  8 orcs
  7 ball pythons
  8 endoplasms
  2 giant cockroaches
  2 goblins (D:1)
  8 hobgoblins
  6 jackals (D:1)
  7 kobolds
  A quokka (D:1)
  8 bats
  4 frilled lizards
  10 rats
81 creatures vanquished.

Notes
Turn   | Place    | Note
-------+----------+-------------------------------------------
     0 | D:1      | SnakkuSnakku7 the Ghoul Arcane Marksman began the quest for
                  | the Orb.
     0 | D:1      | Reached XP level 1. HP: 16/16 MP: 1/1
   312 | D:1      | Reached skill level 1 in Unarmed Combat
   342 | D:1      | Reached XP level 2. HP: 18/24 MP: 2/2
   534 | D:1      | Reached skill level 2 in Fighting
   610 | D:1      | Reached XP level 3. HP: 25/29 MP: 3/3
  1925 | D:2      | Reached skill level 3 in Fighting
  1925 | D:2      | Reached XP level 4. HP: 29/38 MP: 4/4
  2738 | D:3      | Reached skill level 1 in Axes
  2759 | D:3      | Found a shimmering blue altar of Sif Muna.
  2936 | D:3      | Found a faded altar of an unknown god.
  3382 | D:3      | Reached XP level 5. HP: 39/45 MP: 5/5
  3452 | D:3      | Noticed Ijyb
  3463 | D:3      | Killed Ijyb
  3995 | D:3      | Found a snail-covered altar of Cheibriados.
  4512 | D:3      | Killed from afar by an orc priest

Illustrated notes

Levels and vault maps discovered:
D:1:      dpeg_arrival_short_road, layout_basic
D:2:      layout_loops_ring
D:3:      layout_basic, chei_slow_surprise, marbit_many_paths,
          hellmonk_ecumenical_altar_crossroads, hangedman_decor_points,
          uniq_ijyb
D:4:      layout_basic, fedhas_ov_isle_minmay, minmay_temple_entry_proselytizer

Skill      XL: |  1  2  3  4  5 |
---------------+----------------+-----
Unarmed Combat | 1 2 |  2.9
Fighting       | 2 3 |  3.2
Axes           | 1 2 |  2.9
Throwing       | |  1.7
Dodging        | |  1.7
Spellcasting   | |  1.0
Hexes          | |  2.4

Action                   |  1- 3 |  4- 6 || total
-------------------------+-------+-------++-------
Melee: Unarmed           |   183 |    24 ||   207
       Punch             |     1 |     1 ||     2
       Hand axe          |       |   136 ||   136
Throw: Javelin           |     3 |       ||     3
       Throwing net      |     2 |       ||     2
Armor: Robe              |    36 |       ||    36
       Chain mail        |     5 |    96 ||   101
Dodge: Dodged            |   118 |    74 ||   192
